 Dungeon Crawl Stone Soup version 0.31-a0-267-g3fc6992b3b (webtiles) character file.

Game seed: 7729006773783785953

418 qw the Shooter (level 6, -2/37 HPs)
             Began as a Gargoyle Hexslinger on July 14, 2023.
             Slain by Duvessa
             ... wielding a +0 short sword
              (6 damage)
             ... on level 5 of the Dungeon.
             The game lasted 00:01:31 (3574 turns).

qw the Shooter (Gargoyle Hexslinger)                Turns: 3574, Time: 00:01:32

Health: -2/37      AC: 14    Str: 11    XL:     6   Next: 93%
Magic:  7/7        EV: 11    Int: 14    God:
Gold:   187        SH:  0    Dex: 14    Spells: 6/7 levels left

rFire   . . .        Y - +1 sling
rCold   . . .        (no shield)
rNeg    + . .        b - +0 leather armour
rPois   inf          l - +2 helmet
rElec   +            (no cloak)
rCorr   .            (no gloves)
SInv    .            (no boots)
Will    .....        j - amulet of faith
Stlth   +            a - +4 ring of protection
HPRegen 0.26/turn    (no ring)
MPRegen 0.10/turn

%: faith
@: no status effects
A: sickness immunity, AC +4, negative energy resistance 1, electricity
resistance, torment resistance 1, petrification resistance
a: no special abilities


You were on level 5 of the Dungeon.
You visited 1 branch of the dungeon, and saw 5 of its levels.

You collected 187 gold pieces.


Innate Abilities, Weirdness & Mutations

You are immune to sickness and miasma.
Your stone body is resilient. (AC +4)
You are immune to poison.
You resist negative energy. (rN+)
You are resistant to electric shocks. (rElec)
You are resistant to unholy torment.
You are immune to petrification.


   Skills:
 + Level 3.3 Fighting
 - Level 6.2 Ranged Weapons
 - Level 1.8 Armour
 - Level 1.5 Dodging
 - Level 1.0 Spellcasting
 - Level 2.6 Hexes


You had 6 spell levels left.
You knew the following spells:

 Your Spells              Type           Power      Damage    Failure   Level
a - Slow                  Hex            32%        N/A       12%         1

Your spell library contained the following spells:

 Spells                   Type           Power      Damage    Failure   Level
 Inner Flame              Hex/Fire       4%         N/A       52%         3
 Portal Projectile        Hex/Tloc       8%         N/A       52%         3
 Cause Fear               Hex            4%         N/A       75%         4

Inventory:

Hand Weapons
 Y - a +1 sling (weapon)
Armour
 b - a +0 leather armour (worn)
 l - a +2 helmet (worn)
Jewellery
 a - a +4 ring of protection (left hand)
 j - an amulet of faith (around neck)
Scrolls
 e - 2 scrolls of identify
Potions
 d - a potion of curing
 f - a potion of haste
 k - a potion of enlightenment

Dungeon Overview and Level Annotations

Branches:
Dungeon (5/15)
 Temple: D:4-7

Altars:
Gozag
Okawaru

Annotations:
D:5 Dowan, Duvessa


Message History

Dowan points at you and mumbles some strange words.
The puff of flame misses you.
You shoot a sling bullet.
The sling bullet hits Duvessa but does no damage.
Duvessa is almost dead.
Duvessa hits you with a +0 short sword. x2
Dowan mumbles some strange words.
Dowan blinks!
You shoot a sling bullet.
The sling bullet hits Duvessa but does no damage.
Duvessa is almost dead.
Duvessa hits you but does no damage. Duvessa says, "Did you see that move?
Perfect!"
Duvessa misses you.
You shoot a sling bullet. The sling bullet barely misses Duvessa.
Duvessa hits you but does no damage.
Duvessa says, "My weaknesses are his strengths!"
Duvessa hits you but does no damage.
You shoot a sling bullet. The sling bullet barely misses Duvessa.
Dowan points at you and mumbles some strange words.
The puff of frost hits you but does no damage.
Duvessa barely misses you.
You shoot a sling bullet.
The sling bullet closely misses Duvessa.
Duvessa hits you with a +0 short sword! Dowan hits you but does no damage.
Duvessa hits you but does no damage. Dowan hits you but does no damage.
You shoot a sling bullet.
The sling bullet closely misses Duvessa.
Duvessa hits you with a +0 short sword. Duvessa misses you.
Dowan hits you but does no damage.
You shoot a sling bullet.
The sling bullet hits Duvessa but does no damage.
Duvessa is almost dead.
Duvessa barely misses you. Dowan closely misses you.
You shoot a sling bullet.
The sling bullet hits Duvessa but does no damage.
Duvessa is almost dead.
You are no longer glowing.
Duvessa hits you with a +0 short sword.
You die...

.# .## ..## ...#
#..# ###..##
###.....#
##...e@e.##
###.........##
####>...........#
#...............##
#.....<.........#
#..............##
##.............#
#............##
####.......###


You could see Duvessa (fast) and Dowan.

Vanquished Creatures
  An ogre (D:4)
  A phantom (D:4)
  A scorpion (D:4)
  A sleepcap (D:4)
  An iguana (D:4)
  8 adders
  A worm (D:4)
  7 orcs
  6 bats
  3 endoplasms
  8 giant cockroaches (D:1)
  6 goblins
  4 hobgoblins
  2 quokkas
  11 ball pythons
  5 frilled lizards
  3 kobolds
  5 rats
74 creatures vanquished.

Notes
Turn   | Place    | Note
-------+----------+-------------------------------------------
     0 | D:1      | qw the Gargoyle Hexslinger began the quest for the Orb.
     0 | D:1      | Reached XP level 1. HP: 12/12 MP: 2/2
     0 | D:1      | 0 ||| qw: Version: 0.3-a-52-g30416fa
     0 | D:1      | 0 ||| qw: Game counter: 7816
     0 | D:1      | 0 ||| qw: Melee chars always use a shield: true
     0 | D:1      | 0 ||| qw: God list: Okawaru
     0 | D:1      | 0 ||| qw: Allow faded altars: false
     0 | D:1      | 0 ||| qw: Do Orc after clearing Dungeon:15 true
     0 | D:1      | 0 ||| qw: Do second Lair branch before Depths: true
     0 | D:1      | 0 ||| qw: Lair rune preference: random
     0 | D:1      | 0 ||| qw: Goals: Normal
     0 | D:1      | 0 ||| PLANNING D:1-11
   125 | D:1      | Reached XP level 2. HP: 16/16 MP: 3/3
   229 | D:1      | Reached skill level 3 in Ranged Weapons
   395 | D:1      | Found a faded altar of an unknown god.
   436 | D:1      | Reached XP level 3. HP: 21/21 MP: 4/4
   641 | D:1      | 641 ||| READING scroll labelled DUROTHYIGYM.
   642 | D:1      | 642 ||| READING 2 scrolls labelled YCKEMA WOUTT.
   643 | D:1      | 643 ||| READING scroll labelled GAMMI AXEMO.
   644 | D:1      | 644 ||| DROPPING scroll of poison.
   645 | D:1      | 645 ||| DROPPING scroll of immolation.
  1369 | D:2      | 1369 ||| UPGRADING to +0 helmet.
  1374 | D:2      | 1374 ||| UPGRADING to +0 leather armour.
  1384 | D:2      | 1384 ||| DROPPING +0 robe.
  1385 | D:2      | 1385 ||| UPGRADING to +2 helmet.
  1395 | D:2      | 1395 ||| DROPPING +0 helmet.
  1396 | D:2      | 1396 ||| UPGRADING to amulet of faith.
  1401 | D:2      | 1401 ||| READING scroll labelled WAIHOV DOCITU.
  1404 | D:2      | 1404 ||| READING scroll labelled XUURHI SOELAL.
  1405 | D:2      | 1405 ||| READING scroll labelled ZAMEDOA ISCHYW.
  1406 | D:2      | 1406 ||| READING 3 scrolls of identify.
  1406 | D:2      | 1406 ||| IDENTIFYING murky golden potion
  1407 | D:2      | 1407 ||| READING 2 scrolls of identify.
  1407 | D:2      | 1407 ||| IDENTIFYING fuming pink potion
  1546 | D:3      | Reached XP level 4. HP: 26/26 MP: 5/5
  1624 | D:3      | Reached skill level 4 in Ranged Weapons
  2329 | D:3      | 2329 ||| READING 2 scrolls of identify.
  2329 | D:3      | 2329 ||| IDENTIFYING golden potion
  2467 | D:4      | Found an opulent altar of Gozag.
  2467 | D:4      | Found an iron altar of Okawaru.
  2503 | D:4      | Noticed an ogre
  2509 | D:4      | HP: 2/26 [ogre/+0 giant club (24)]
  2510 | D:4      | 2510 ||| DRINKING 2 potions of heal wounds.
  2514 | D:4      | 2514 ||| DRINKING potion of heal wounds.
  2516 | D:4      | Killed an ogre
  2517 | D:4      | Reached skill level 5 in Ranged Weapons
  2517 | D:4      | Reached XP level 5. HP: 30/30 MP: 6/6
  2654 | D:4      | Reached XP level 6. HP: 34/36 MP: 7/7
  2664 | D:4      | Reached skill level 3 in Fighting
  2781 | D:4      | 2781 ||| Stepping ~*~*~tactically~*~*~ (outnumbered).
  3092 | D:4      | Reached skill level 6 in Ranged Weapons
  3209 | D:4      | Reached skill level 1 in Armour
  3330 | D:4      | 3330 ||| UPGRADING to +4 ring of protection.
  3331 | D:4      | 3331 ||| READING scroll labelled RAWUILUGUE.
  3432 | D:4      | 3432 ||| READING 3 scrolls of identify.
  3432 | D:4      | 3432 ||| IDENTIFYING white potion
  3476 | D:5      | Entered Level 5 of the Dungeon
  3484 | D:5      | 3484 ||| STAIRDANCE
  3536 | D:5      | Noticed Dowan
  3537 | D:5      | Noticed Duvessa
  3555 | D:5      | HP: 6/37 [Duvessa/+0 short sword (4)]
  3556 | D:5      | 3556 ||| DRINKING potion of heal wounds.
  3571 | D:5      | HP: 5/37 [Duvessa/+0 short sword (9)]
  3574 | D:5      | Slain by Duvessa

Levels and vault maps discovered:
D:1:      psy_arrival_terrarium, layout_loops_ring,
          dreamdust_ecumenical_altar_grove, minmay_worlds_worst_comb
D:2:      layout_loops_ring
D:3:      minmay_general_purpose_star, layout_loops_corners,
          nicolae_figureground_pulse
D:4:      layout_gridville, nicolae_overflow_hidden_temple, minmay_pentangle
D:5:      layout_cave_pods, kennysheep_little_box, nicolae_vehumet_altar_sigil,
          minmay_temple_entry_butterflies, serial_shops,
          nicolae_shop_pleasant_corner_grove, kennysheep_generic_room_7,
          uniq_duvessa

Skill      XL: |  1  2  3  4  5  6 |
---------------+-------------------+-----
Ranged Weapons | 3 5 6 |  6.2
Fighting       | 2 3 |  3.3
Armour         | 1 |  1.8
Dodging        | |  1.5
Spellcasting   | |  1.0
Hexes          | |  2.6

Action                     |  1- 3 |  4- 6 || total
---------------------------+-------+-------++-------
   Fire: Sling             |   140 |   261 ||   401
    Use: Scroll            |     8 |     3 ||    11
         Potion            |       |     3 ||     3
 Armour: Robe              |    22 |       ||    22
         Leather armour    |     9 |    98 ||   107
  Dodge: Dodged            |    51 |   110 ||   161

Table legend:
 A = Non-vault XP
 B = Vault XP
 C = Vault XP percentage of total XP
 D = Non-vault monster count
 E = Vault monster count
 F = Vault count percentage of total count
                 A         B        C        D         E       F
            +---------+---------+-------+---------+---------+-------
      Total |     550 |      48 |   8.0 |      57 |      17 |  23.0
            +---------+---------+-------+---------+---------+-------
        D:1 |      30 |      10 |  25.0 |      19 |       5 |  20.8
        D:2 |      23 |       0 |   0.0 |       8 |       0 |   0.0
        D:3 |      39 |       9 |  18.8 |      10 |       5 |  33.3
        D:4 |     458 |      29 |   6.0 |      20 |       7 |  25.9
            +---------+---------+-------+---------+---------+-------
